 Dungeon Crawl Stone Soup version 0.30-a0-571-gdf30a72648 (webtiles) character file.

Game seed: 4524276869679259939

634 IdlyInterested the Covered (level 7, -1/52 HPs)
             Began as a Demonspawn Fighter on Dec 29, 2022.
             Slain by a troll (11 damage)
             ... on level 5 of the Dungeon.
             The game lasted 00:11:25 (3140 turns).

IdlyInterested the Covered (Demonspawn Fighter)     Turns: 3140, Time: 00:11:26

Health: -1/52      AC: 14    Str: 24    XL:     7   Next: 25%
Magic:  0/7        EV:  6    Int:  9    God:
Gold:   226        SH:  8    Dex: 15    Spells: 6/6 levels left

rFire   + . .      SeeInvis .    x - +1 morningstar
rCold   x . .      Faith    .    m - +0 kite shield
rNeg    . . .      Spirit   +    y - +0 chain mail
rPois   .          Reflect  .    s - +0 helmet
rElec   .          Harm     .    u - +2 cloak
rCorr   +          Rampage  .    (no gloves)
Will    .....                    (no boots) Stlth
                                 k - amulet of guardian spirit
HPRegen 0.28/turn                A - ring "Jiuwkaig" {Fire Fly rCorr}
MPRegen 0.10/turn                e - +6 ring of strength

@: weak-willed, flying
A: hooves 1, thin skeletal structure 1, ignite blood 1, spiny 2
a: no special abilities


You were on level 5 of the Dungeon.
You visited 1 branch of the dungeon, and saw 5 of its levels.

You collected 226 gold pieces.

Inventory:

Hand Weapons
 x - a +1 morningstar (weapon)
Missiles
 f - 91 stones (quivered)
 r - 4 poisoned darts
Armour
 m - a +0 kite shield (worn)
 s - a +0 helmet (worn)
 u - a +2 cloak (worn)
 y - a +0 chain mail (worn)
Magical Staves
 b - a staff of death
Jewellery
 e - a +6 ring of strength (right hand)
 k - an amulet of guardian spirit (around neck)
 A - the ring "Jiuwkaig" (left hand) {Fire Fly rCorr}
   (You found it on level 4 of the Dungeon)

   [ring of fire]

   It enhances your fire magic.
   rF:        It protects you from fire.
   rC:        It makes you vulnerable to cold.
   Fly:       It grants you flight.
   rCorr:     It protects you from acid and corrosion.
Wands
 a - a wand of acid (12)
 p - a wand of polymorph (8)
 w - a wand of flame (27)
 D - a wand of paralysis (8)
Scrolls
 h - 6 scrolls of teleportation
 t - a scroll of blinking
Potions
 c - a potion of cancellation
 d - a potion of might
 g - 2 potions of heal wounds
 i - a potion of attraction
 l - a potion of flight
 n - a potion of curing
 o - a potion of resistance
 q - a potion of invisibility
 v - a potion of lignification
 z - a potion of brilliance


   Skills:
 - Level 3.0 Fighting
 + Level 5.4 Maces & Flails
 * Level 5.7 Armour
 - Level 2.6 Shields


You had 6 spell levels left.
You didn't know any spells.
Your spell library contained the following spells:

 Spells                   Type           Power      Damage    Failure   Level
 Apportation              Tloc           0%         N/A       100%        1
 Foxfire                  Conj/Fire      0%         2x1d4     100%        1
 Magic Dart               Conj           0%         1d3       100%        1
 Necrotise                Necr           0%         1d4       100%        1
 Summon Small Mammal      Summ           0%         N/A       100%        1
 Blink                    Tloc           0%         N/A       100%        2
 Call Imp                 Summ           0%         N/A       100%        2
 Ensorcelled Hibernation  Hex/Ice        0%         N/A       100%        2
 Passwall                 Tmut/Erth      0%         N/A       100%        2
 Call Canine Familiar     Summ           0%         N/A       100%        3
 Gell's Gravitas          Tloc           0%         N/A       100%        3
 Inner Flame              Hex/Fire       0%         N/A       100%        3
 Lesser Beckoning         Tloc           0%         N/A       100%        3
 Mephitic Cloud           Conj/Pois/Air  0%         N/A       100%        3
 Summon Guardian Golem    Hex/Summ       0%         N/A       100%        3
 Swiftness                Air            0%         N/A       100%        3
 Teleport Other           Tloc           0%         N/A       100%        3
 Flame Wave               Conj/Fire      0%         2d4       100%        4
 Manifold Assault         Tloc           0%         N/A       100%        4
 Olgreb's Toxic Radiance  Pois           0%         N/A       100%        4
 Sticky Flame             Conj/Fire      0%         2d3       100%        4
 Fireball                 Conj/Fire      0%         3d3       100%        5
 Starburst                Conj/Fire      0%         6d3       100%        6
 Ozocubu's Refrigeration  Ice            0%         4d7       100%        7
 Storm Form               Tmut/Air       0%         N/A       100%        7
 Ignition                 Fire           0%         3d3       100%        8


Dungeon Overview and Level Annotations

Branches:
Dungeon (5/15)
 Temple: D:4-7

Altars:
Xom


Innate Abilities, Weirdness & Mutations

You have large cloven feet.
You have a somewhat thin skeletal structure. (Dex +2, Stealth+)
Your demonic aura sometimes causes spilled blood to erupt in flames.
You are mostly covered in sharp spines.


Message History

As you read the scroll labelled QYMIZEGUGU, it crumbles to dust.
A profound silence engulfs you.
It was a scroll of silence.
It was a potion of invisibility.
You fade into invisibility!
Your hearing returns.
Found a stone staircase leading down.
f - 91 stones (gained 3)
You pick up a book of Burglary and begin reading...
You add the spells Passwall, Ensorcelled Hibernation and Swiftness to your library.
You flicker for a moment.
As you read the scroll labelled TUTIW KUOCOKHLU, it crumbles to dust.
Magic quickly surges around you.
It was a scroll of vulnerability.
You flicker back into view.
A troll comes into view.
The troll shouts!
The troll moves out of view.
You see here a scroll labelled JIUNKU JESI.
The troll is struck by your spines. The troll closely misses you.
You block the troll's attack. The troll claws you.
You sock the troll! Your kick misses the troll.
The troll is heavily wounded.
The troll barely misses you. x2; You block the troll's attack.
You hit the troll. Your kick misses the troll.
The troll is heavily wounded.
The troll bites you! You block the troll's attack. The troll claws you.
You hit the troll but do no damage. You kick the troll, but do no damage.
The troll is heavily wounded.
The troll is struck by your spines. The troll bites you! The troll claws you!
The troll claws you. You block the troll's attack. The troll claws you!
* * * LOW HITPOINT WARNING * * *
The troll claws you but does no damage.
You hit the troll.
The troll is severely wounded.
You block the troll's attack. The troll claws you.
* * * LOW HITPOINT WARNING * * *
The troll claws you but does no damage.
You hit the troll. Your kick misses the troll.
The troll is severely wounded.
The troll bites you!
You die...

### ..#
..# ..#
!.## ..#
#T# #@##
#.°###
##...#
###.##
#..####
##....#
####.##
#..######
##......##


You could see a troll.

Vanquished Creatures
  An ogre (D:4)
  A black bear (D:4)
  A scorpion (D:4)
  Crazy Yiuf (D:2)
  Natasha (thrice) (D:2)
  3 iguanas (D:4)
  5 gnolls
  9 adders
  2 dart slugs
  8 orcs (D:3)
  4 ball pythons
  7 endoplasms
  5 giant cockroaches
  5 goblins
  4 hobgoblins
  5 jackals
  3 quokkas
  7 bats
  6 frilled lizards
  6 kobolds
  5 rats
91 creatures vanquished.

Vanquished Creatures (others)
  An iguana (D:3)
  A dart slug (D:3)
  A goblin (D:3)
  A kobold (D:3)
4 creatures vanquished.

Grand Total: 95 creatures vanquished

Notes
Turn   | Place    | Note
-------+----------+-------------------------------------------
     0 | D:1      | IdlyInterested the Demonspawn Fighter began the quest for
                  | the Orb.
     0 | D:1      | Reached XP level 1. HP: 18/18 MP: 1/1
   195 | D:1      | Gained mutation: You are partially covered in sharp spines.
                  | [demonic ancestry]
   195 | D:1      | Reached XP level 2. HP: 14/24 MP: 2/2
   360 | D:1      | Found a faded altar of an unknown god.
   891 | D:2      | Gained mutation: You have large cloven feet. [demonic
                  | ancestry]
   891 | D:2      | Reached XP level 3. HP: 17/29 MP: 3/3
  1127 | D:2      | Noticed Natasha
  1136 | D:2      | Killed Natasha
  1137 | D:2      | Gained mutation: Your demonic aura sometimes causes spilled
                  | blood to erupt in flames. [demonic ancestry]
  1137 | D:2      | Reached XP level 4. HP: 30/35 MP: 4/4
  1353 | D:2      | Noticed Natasha
  1358 | D:2      | Killed Natasha
  1359 | D:2      | Reached XP level 5. HP: 38/41 MP: 5/5
  1478 | D:2      | Found a runed translucent door.
  1479 | D:2      | Noticed Crazy Yiuf
  1757 | D:2      | Killed Crazy Yiuf
  2011 | D:3      | Gained mutation: You are mostly covered in sharp spines.
                  | [demonic ancestry]
  2011 | D:3      | Reached XP level 6. HP: 46/47 MP: 6/6
  2013 | D:3      | Found a shimmering altar of Xom.
  2054 | D:2      | Noticed Natasha
  2061 | D:2      | Killed Natasha
  2418 | D:4      | Identified the +6 sling of Narrow Tender Mercy {flame,
                  | Str+5}
  2441 | D:4      | Reached skill level 5 in Armour
  2647 | D:4      | Identified the ring "Jiuwkaig" {Fire Fly rCorr}
  2753 | D:4      | Reached skill level 5 in Maces & Flails
  2753 | D:4      | Gained mutation: You have a somewhat thin skeletal
                  | structure. (Dex +2, Stealth+) [demonic ancestry]
  2753 | D:4      | Reached XP level 7. HP: 51/52 MP: 7/7
  3012 | D:5      | Entered Level 5 of the Dungeon
  3132 | D:5      | Noticed a troll
  3140 | D:5      | Slain by a troll

Illustrated notes

Levels and vault maps discovered:
D:1:      saegor_arrival_simple_b, layout_rooms,
          hellmonk_ecumenical_altar_pennies_from_heaven, st_stairs_11,
          nicolae_hexahallways
D:2:      layout_basic, uniq_crazy_yiuf_cottage, uniq_natasha
D:3:      layout_rooms, xom_confusion_cloud
D:4:      kennysheep_six_static_rooms, layout_rooms
D:5:      minmay_octagon_keep, layout_basic, marbit_many_paths,
          kennysheep_generic_room_2, uniq_menkaure

Skill      XL: |  1  2  3  4  5  6 |
---------------+-------------------+-----
Armour         | 3 4 5 |  5.7
Maces & Flails | 2 3 4 5 |  5.4
Fighting       | |  3.0
Shields        | |  2.6

Action                   |  1- 3 |  4- 6 |  7- 9 || total
-------------------------+-------+-------+-------++-------
Melee: Flail             |    77 |    52 |       ||   129
       Kick              |     2 |    13 |     2 ||    17
       Morningstar       |       |    21 |     7 ||    28
  Use: Scroll            |     7 |     4 |     4 ||    15
       Potion            |       |     2 |     1 ||     3
Armor: Scale mail        |    37 |    14 |       ||    51
       Chain mail        |       |    16 |     2 ||    18
Dodge: Dodged            |    38 |    15 |     4 ||    57
Block: Buckler           |     5 |       |       ||     5
       Kite shield       |    27 |    28 |     6 ||    61

Table legend: (Time is in decaauts)
 A = Elapsed time spent in this place.
 B = Non-inter-level travel time spent in this place.
 C = Inter-level travel time spent in this place.
 D = Time resting spent in this place.
 E = Time spent auto-exploring this place.
 F = Levels seen in this place.
 G = Mean time per level.
                   A        B        C        D        E       F      G
               +--------+--------+--------+--------+--------+-----+--------+
         Total |   3215 |   2931 |    284 |    189 |   1697 |   5 |  643.0 |
       Dungeon |   3215 |   2931 |    284 |    189 |   1697 |   5 |  643.0 |
               +--------+--------+--------+--------+--------+-----+--------+

Top non-repeatable levels by time:
     D:2: 996 daAuts
     D:1: 979 daAuts
     D:4: 623 daAuts
     D:3: 528 daAuts
     D:5: 87 daAuts
